 Dungeon Crawl Stone Soup version 0.29.1-2-gbd0b4ee654 (webtiles) character file.

Game seed: 18048995672069243600

8226 cdecastro the Fighter (level 11, 0/85 HPs)
             Began as a Djinni Fire Elementalist on Nov 13, 2022.
             Was a Believer of Makhleb.
             Slain by a centaur warrior (11 damage)
             ... on level 10 of the Dungeon.
             The game lasted 00:31:11 (15228 turns).

cdecastro the Fighter (Djinni Fire Elementalist)   Turns: 15228, Time: 00:31:12

Health: 0/85       AC:  8    Str:  7    XL:     11   Next: 51%
Gold:   603        EV: 16    Int: 21    God:    Makhleb [**....] SH:  0 Dex: 14

rFire   + + .      SeeInvis .   o - +6 dagger of a Labyrinth {freeze, rElec Stlth+}
rCold   . . .      Faith    .   (no shield)
rNeg    . . .      Spirit   .   s - +2 robe {rC+}
rPois   ∞          Reflect  .   g - +0 helmet
rElec   +          Harm     .   A - +0 cloak
rCorr   +          Rampage  .   q - +1 pair of gloves
Will    +....                   (boots unavailable)
Stlth   +++.......              (no amulet)
HPRegen 0.24/turn               r - ring of resist corrosion
MPRegen 0.00/turn               l - +4 ring of slaying

@: attractive, flying
A: sickness immunity, fire resistance 2, cold vulnerability 1, float, innate
caster, HP casting, extra vitality 1
a: Renounce Religion, Minor Destruction


You were on level 10 of the Dungeon.
You worshipped Makhleb.
Makhleb was pleased with you.
You visited 2 branches of the dungeon, and saw 11 of its levels.

You collected 603 gold pieces.

Inventory:

Hand Weapons
 b - a +7 scimitar
 h - a +6 scimitar of freezing
 o - the +6 dagger of a Labyrinth (weapon) {freeze, rElec Stlth+}
   (You took it off an orc priest on level 9 of the Dungeon)

   It freezes those it strikes, dealing additional cold damage.
   It can also slow down cold-blooded creatures.
   rElec:     It insulates you from electricity.
   Stlth:     It makes you more stealthy.
 w - the +5 whip "Peraq" {flame, Str+4 SInv Stlth-}
   (You took it off a gnoll on level 6 of the Dungeon)

   It burns those it strikes, dealing additional fire damage.
   Str:       It affects your strength (+4).
   SInv:      It lets you see invisible.
   Stlth:     It makes you less stealthy.
 B - a +4 quarterstaff of chaos
Missiles
 d - 7 boomerangs
 e - 4 silver boomerangs
 z - 9 poisoned darts
 G - a curare-tipped dart
Armour
 g - a +0 helmet (worn)
 q - a +1 pair of gloves (worn)
 s - a +2 robe of cold resistance (worn)
 A - a +0 cloak (worn)
 D - a +0 ring mail of cold resistance
Magical Staves
 y - a staff of cold
Jewellery
 l - a +4 ring of slaying (right hand)
 r - a ring of resist corrosion (left hand)
 E - a +6 ring of strength
Wands
 a - a wand of digging (6)
 t - a wand of quicksilver (9)
 C - a wand of flame (13)
Scrolls
 c - a scroll of amnesia {unknown}
 m - a scroll of immolation
 p - 4 scrolls of teleportation
 v - a scroll of fear
 x - a scroll of enchant weapon
Potions
 f - 5 potions of attraction
 i - 3 potions of heal wounds
 j - 8 potions of curing
 k - 2 potions of haste
 n - 2 potions of ambrosia
 u - 2 potions of lignification
 F - 2 potions of mutation {unknown}
 H - 2 potions of cancellation {unknown}


   Skills:
 - Level 10.0 Fighting
 + Level 8.6 Dodging
 - Level 1.5 Stealth
 - Level 9.5 Spellcasting


You had 3 spell levels left.
You knew the following spells:

 Your Spells              Type           Power      Damage    Failure   Level
a - Foxfire               Conj/Fire      100%       2x1d9     1%          1
b - Scorch                Fire           100%       2d10      1%          2
c - Conjure Flame         Conj/Fire      50%        6-21      1%          3
d - Inner Flame           Hex/Fire       50%        N/A       1%          3
e - Flame Wave            Conj/Fire      50%        2d12      1%          4
f - Summon Small Mammal   Summ           100%       N/A       1%          1
g - Static Discharge      Conj/Air       50%        3-10/arc  1%          2
h - Spider Form           Tmut/Pois      50%        N/A       1%          3
i - Stone Arrow           Conj/Erth      100%       3d13      1%          3
j - Leda's Liquefaction   Hex/Erth       25%        N/A       1%          4
Your spell library was empty.

Dungeon Overview and Level Annotations

Branches:
Dungeon (10/15)            Temple (1/1) D:5            Lair (0/5) D:9
    Orc (0/2) D:9

Altars:
Ashenzari
Cheibriados
Dithmenos
Elyvilon
Fedhas
Gozag
Makhleb
Nemelex Xobeh
Okawaru
Qazlal
Ru
Trog
Uskayaw
Wu Jian
Xom
Zin
The Shining One

Annotations:
D:4 Edmund
D:5 2 transporters, Tiocfaidh's ghost, novice NaAE


Innate Abilities, Weirdness & Mutations

You are immune to sickness and miasma.
You are immune to poison.
Your flesh is very heat resistant. (rF++)
You are vulnerable to cold. (rC-)
You float through the air rather than walking.
You learn spells naturally, not from books.
Your magical power is your life essence.
You have superior vitality. (+4 MHP)


Message History

* * * LOW HITPOINT WARNING * * *
The centaur warrior hits you.
* * * LOW HITPOINT WARNING * * *
The centaur warrior kicks you.
* * * LOW HITPOINT WARNING * * *
The centaur warrior hits you but does no damage.
The centaur warrior kicks you but does no damage.
Casting: Scorch (safe; 1% risk of failure)
Confirm with . or Enter, or press ? or * to list all spells.
Flames lash the centaur warrior.
The centaur warrior is burned terribly!
The centaur warrior is heavily wounded.
* * * LOW HITPOINT WARNING * * *
The centaur warrior hits you.
* * * LOW HITPOINT WARNING * * *
The centaur warrior misses you.
Casting: Scorch (safe; 1% risk of failure)
Confirm with . or Enter, or press ? or * to list all spells.
Flames lash the centaur warrior.
The centaur warrior is burned terribly!
The centaur warrior is heavily wounded.
* * * LOW HITPOINT WARNING * * *
The centaur warrior hits you but does no damage.
The centaur warrior kicks you.
* * * LOW HITPOINT WARNING * * *
The centaur warrior hits you!
* * * LOW HITPOINT WARNING * * *
The centaur warrior completely misses you.
Casting: Scorch (safe; 1% risk of failure)
Confirm with . or Enter, or press ? or * to list all spells.
Flames lash the centaur warrior.
The centaur warrior is burned terribly!
The centaur warrior is severely wounded.
* * * LOW HITPOINT WARNING * * *
The centaur warrior hits you but does no damage.
The centaur warrior kicks you but does no damage.
Casting: Scorch (safe; 1% risk of failure)
Confirm with . or Enter, or press ? or * to list all spells.
Flames lash the centaur warrior.
The centaur warrior is burned terribly!
The centaur warrior is almost dead.
* * * LOW HITPOINT WARNING * * *
The centaur warrior hits you!
You die...

..... ..#........#
+##.@ .#........# #.W
..........# #..
..#........# ##. ..
...#........# .. .....
#........#
.####.####........#
............c.....#
#.........)@.....#
#....!...........#
#................#
######................#
..#..#................#
..#..#................#
..#..#................#
..#'##................#
..#..#................#


You could see a centaur warrior (combustible).

Vanquished Creatures
  Josephine (D:10)
  A two-headed ogre (D:10)
  A gargoyle (D:9)
  A komodo dragon (D:9)
  A troll (D:10)
  2 hornets
  Prince Ribbit (D:8)
  A shadow (D:10)
  3 wyverns
  6 wraiths
  Eustachio (D:4)
  A steam dragon (D:6)
  A water moccasin (D:7)
  2 black bears
  3 orc warriors
  An ice beast (D:7)
  3 ogres
  3 centaurs
  A phantom (D:6)
  A kobold brigand (D:9)
  A gnoll sergeant (D:6)
  4 bullfrogs
  2 scorpions
  8 wights
  17 killer bees
  8 howler monkeys
  3 hounds
  Crazy Yiuf (D:6)
  2 orc priests (D:9)
  A gnoll bouda (D:8)
  7 orc wizards
  Natasha (thrice) (D:3)
  3 iguanas
  6 gnolls
  4 adders
  3 shadow imps
  A white imp (D:6)
  2 ufetubi
  4 worms
  2 dart slugs
  27 orcs
  7 ball pythons
  3 bats
  5 endoplasms
  6 giant cockroaches
  8 hobgoblins
  6 jackals
  3 quokkas
  6 frilled lizards
  6 goblins
  8 kobolds
  6 rats
  A spectral hobgoblin (D:1)
209 creatures vanquished.

Vanquished Creatures (others)
  117 foxfires
  5 fungi (D:6)
  42 plants (D:9)
164 creatures vanquished.

Grand Total: 373 creatures vanquished

Notes
Turn   | Place    | Note
-------+----------+-------------------------------------------
     0 | D:1      | cdecastro the Djinni Fire Elementalist began the quest for
                  | the Orb.
     0 | D:1      | cdecastro set off with the following spells memorised:
                  | Foxfire, Scorch, Conjure Flame, Inner Flame, Flame Wave.
     0 | D:1      | Reached XP level 1. HP: 15/15 MP: 0/0
   441 | D:1      | Reached XP level 2. HP: 19/21 MP: 0/0
   722 | D:1      | Reached XP level 3. HP: 24/25 MP: 0/0
   722 | D:1      | Learned a level 1 spell: Summon Small Mammal
   789 | D:1      | Found a faded altar of an unknown god.
  1708 | D:2      | Reached XP level 4. HP: 27/31 MP: 0/0
  2775 | D:3      | Noticed Natasha
  2781 | D:3      | Killed Natasha
  2782 | D:3      | Reached XP level 5. HP: 28/35 MP: 0/0
  2782 | D:3      | Learned a level 2 spell: Static Discharge
  2782 | D:3      | Noticed Natasha
  2787 | D:3      | Killed Natasha
  3458 | D:3      | Noticed Natasha
  3462 | D:3      | Killed Natasha
  3669 | D:4      | Found a sparkling altar of Nemelex Xobeh.
  3818 | D:4      | Reached skill level 5 in Spellcasting
  3818 | D:4      | Reached XP level 6. HP: 36/40 MP: 0/0
  3879 | D:4      | Found an iron altar of Okawaru.
  3893 | D:4      | Noticed an ogre
  3908 | D:4      | Killed an ogre
  4183 | D:4      | Reached XP level 7. HP: 43/45 MP: 0/0
  4183 | D:4      | Learned a level 3 spell: Spider Form
  4186 | D:4      | Noticed Eustachio
  4215 | D:4      | Killed Eustachio
  4549 | D:4      | Found an opulent altar of Gozag.
  4741 | D:4      | Noticed Edmund
  5025 | D:5      | Entered Level 5 of the Dungeon
  5166 | D:5      | Found a transporter.
  5432 | D:5      | Noticed Tiocfaidh's ghost (novice NaAE)
  5446 | D:5      | Found a staircase to the Ecumenical Temple.
  5477 | D:5      | Found a transporter.
  6031 | D:6      | Found an ornate altar of the Wu Jian Council.
  6039 | D:6      | Reached XP level 8. HP: 46/50 MP: 0/0
  6073 | D:6      | Found a burning altar of Makhleb.
  6080 | D:6      | Became a worshipper of Makhleb the Destroyer
  6091 | D:6      | Identified the +5 whip "Peraq" {flame, Str+4 SInv Stlth-}
  6672 | D:6      | Reached skill level 1 in Fighting
  6941 | D:6      | Reached skill level 2 in Fighting
  7150 | D:6      | Reached skill level 3 in Fighting
  7150 | D:6      | Reached XP level 9. HP: 57/61 MP: 0/0
  7150 | D:6      | Learned a level 3 spell: Stone Arrow
  7183 | Temple   | Entered the Ecumenical Temple
  7781 | D:6      | Found a bloodstained altar of Trog.
  7989 | D:6      | Reached skill level 4 in Fighting
  8137 | D:6      | Found a snail-covered altar of Cheibriados.
  8322 | D:6      | Found a runed translucent door.
  8323 | D:6      | Noticed Crazy Yiuf
  8455 | D:6      | Killed Crazy Yiuf
  8615 | D:7      | Noticed a hornet
  8620 | D:7      | Killed a hornet
  8621 | D:7      | Reached skill level 5 in Fighting
  8905 | D:7      | Reached skill level 6 in Fighting
  9151 | D:7      | Reached skill level 7 in Fighting
  9711 | D:8      | Reached * piety under Makhleb
 10142 | D:7      | Reached skill level 8 in Fighting
 10344 | D:8      | Reached XP level 10. HP: 71/77 MP: 0/0
 10772 | D:8      | Noticed Prince Ribbit
 10776 | D:8      | Killed Prince Ribbit
 10777 | D:8      | Reached skill level 9 in Fighting
 11454 | D:9      | Reached skill level 10 in Fighting
 12030 | D:9      | Identified the +6 dagger of a Labyrinth {freeze, rElec
                  | Stlth+}
 12419 | D:9      | Reached ** piety under Makhleb
 12741 | D:9      | Noticed a komodo dragon
 12748 | D:9      | Killed a komodo dragon
 12924 | D:9      | Found a staircase to the Orcish Mines.
 13128 | D:9      | Found a staircase to the Lair.
 13373 | D:10     | Entered Level 10 of the Dungeon
 13398 | D:10     | Noticed Josephine
 13444 | D:10     | Noticed a two-headed ogre
 13452 | D:10     | Killed a two-headed ogre
 13453 | D:10     | Reached XP level 11. HP: 72/85 MP: 0/0
 13453 | D:10     | Learned a level 4 spell: Leda's Liquefaction
 13523 | D:9      | Reached skill level 5 in Dodging
 14180 | D:10     | Noticed a two-headed ogre
 14827 | D:10     | Killed Josephine
 15219 | D:10     | Noticed a centaur warrior
 15228 | D:10     | Slain by a centaur warrior

Illustrated notes

Levels and vault maps discovered:
D:1:      tarquinn_simple_flora_water_a, layout_basic,
          dreamdust_ecumenical_altar_drowned_temple
D:2:      layout_basic, chequers_serial_rivers_room_b
D:3:      layout_basic, mainiacjoe_overflow_alcove_2,
          chequers_serial_rivers_small_a, uniq_natasha
D:4:      layout_loops_cross, grunt_gozag_breadcrumbs,
          mainiacjoe_overflow_brackets, lemuel_zombie_altar_yredelemnul,
          mainiacjoe_overflow_small_starburst, uniq_eustachio, uniq_edmund
D:5:      layout_layer_cave, minmay_temple_entry_from_below_b,
          gammafunk_ghost_stat_death, kennysheep_generic_room_12
D:6:      layout_loops_ring, overflow_temple_1_default,
          overflow_temple_1_default, bloody_makhleb, cheibrodos_worm_habitat,
          minmay_statues_item, uniq_crazy_yiuf_cottage
D:7:      layout_cave_pools
D:8:      layout_cave_pools, enter_bailey_1, serial_bayou_pond_c,
          kennysheep_generic_room_16, uniq_prince_ribbit1
D:9:      layout_rooms, david_lair_shrubbed, erik_orc_4
D:10:     cheibrodos_ideogram_h, layout_grid_maze, old_standard_altar,
          marbit_many_paths, uniq_josephine
Temple:   chequers_temple_sunken

Skill      XL: |  1  2  3  4  5  6  7  8  9 10 11 |
---------------+----------------------------------+-----
Spellcasting   | 3 4 5 6 8 9 |  9.5
Fighting       | 3 8 10 | 10.0
Dodging        | 4 8 |  8.6
Stealth        | |  1.5

Action                   |  1- 3 |  4- 6 |  7- 9 | 10-12 || total
-------------------------+-------+-------+-------+-------++-------
Melee: Dagger            |     6 |     8 |     5 |    15 ||    34
       Unarmed           |       |       |    31 |    28 ||    59
       Whip              |       |       |    38 |     5 ||    43
       Scimitar          |       |       |       |    10 ||    10
       Punch             |       |       |       |     2 ||     2
 Cast: Foxfire           |    50 |    15 |     5 |       ||    70
       Scorch            |       |    42 |    94 |   121 ||   257
       Conjure Flame     |       |     2 |     5 |       ||     7
       Spider Form       |       |       |     2 |     3 ||     5
       Stone Arrow       |       |       |     2 |     3 ||     5
       Flame Wave        |       |       |       |     7 ||     7
  Use: Scroll            |       |       |     8 |    10 ||    18
       Potion            |       |       |       |     1 ||     1
 Stab: Sleeping          |     1 |     2 |     1 |       ||     4
Armor: Robe              |     6 |     1 |    13 |    50 ||    70
       Skin              |       |       |     3 |       ||     3
Dodge: Dodged            |    11 |    20 |    56 |   137 ||   224
